 Dungeon Sprint DCSS version 0.19-a0-1532-g228a5d9 (webtiles) character file.

60 poirepourri the Covert (level 3, -11/16 HPs)
             Began as a Spriggan Enchanter on Sept 13, 2016.
             Splashed by an oklob sapling's acid (19 damage)
             ... in the Dungeon (Sprint IV: "Fedhas' Mad Dash").
             The game lasted 00:00:23 (243 turns).

poirepourri the Covert (Spriggan Enchanter)          Turns: 243, Time: 00:00:24

Health: -11/16     AC:  3    Str:  4    XL:     3   Next: 80%
Magic:  9/9        EV: 20    Int: 16    God:
Gold:   46         SH:  0    Dex: 17    Spells: 2 memorised, 7 levels left

rFire  . . .     SeeInvis +     a - +1 dagger
rCold  . . .     Gourm    .     b - +1 robe
rNeg   . . .     Faith    .     (shield restricted)
rPois  .         Spirit   .     (helmet restricted)
rElec  .         Dismiss  .     (no cloak)
rCorr  .         Reflect  .     (gloves unavailable)
MR     .....     Harm     .     (boots unavailable)
Stlth  +++++..... NoTele   +    k - amulet of invisibility {+Inv}
                                (no ring)
                                (no ring)

@: very quick
A: unfitting armour, see invisible, herbivore 3, speed 3, slow metabolism 2
a: Evoke Invisibility


You were in the Dungeon.
You were not hungry.

You visited 1 branch You collected 46 gold pieces.

Inventory:

Hand Weapons
 a - a +1 dagger (weapon)
Armour
 b - a +1 robe (worn)
Jewellery
 k - the amulet of invisibility (around neck) {+Inv}
   (You found it in the Dungeon)

   [amulet of nothing]

   It lets you turn invisible.
Scrolls
 j - a scroll of blinking
Potions
 e - a potion of curing
 f - a potion of heal wounds
 g - a potion of haste
 h - 2 potions of magic
 i - a potion of berserk rage
Books
 c - a book of Maledictions

   Spells                             Type                      Level
   a - Corona                         Hexes                        1
   b - Ensorcelled Hibernation        Hexes/Ice                    2
   c - Confuse                        Hexes                        3
   d - Tukima's Dance                 Hexes                        3
   e - Dazzling Spray                 Conjuration/Hexes            3
Comestibles
 d - a bread ration


   Skills:
 + Level 1.3 Short Blades
 + Level 4.4 Dodging
 + Level 9.4 Stealth
 + Level 4.1 Spellcasting
 + Level 5.8 Hexes


You had 7 spell levels left.
You knew the following spells:

 Your Spells              Type           Power        Failure   Level  Hunger
a - Corona                Hex            ###....      1%          1    None
b - Ensorcelled Hibernat  Hex/Ice        ##....       10%         2    ##.....


Dungeon Overview and Level Annotations

Branches:
Dungeon (1/1)

Altars:

Annotations:
D exclusion: oklob sapling


Innate Abilities, Weirdness & Mutations

You are tiny and cannot use many weapons and most armour.
You have supernaturally acute eyesight. (SInv)
You are a herbivore.
You cover ground extremely quickly.
You need consume almost no food.


Message History

You see here a robe.
You now have 17 gold pieces.
You now have 20 gold pieces (gained 3).
You now have 29 gold pieces (gained 9).
You now have 42 gold pieces (gained 13).
You now have 46 gold pieces (gained 4).
k - the amulet of invisibility (around neck) {+Inv} You start resting.
Magic restored.
You open the door.
Marking area around the oklob sapling as unsafe for travelling.
An oklob sapling comes into view.
Found 9 gold pieces.
There is an open door here.
The oklob sapling spits acid at you. The splash of acid hits you!
Ouch! That really hurt!
The acid burns!
Ouch! That really hurt!
You die...

##################
#<..P#.....#.....#
#PP..'.(...'.#[..+
#PPPP#.....#.#†..#
###############'##
+.@.# #$P$# #####


You could see an oklob sapling.

Vanquished Creatures
  An oklob sapling (D)
  A worker ant (D)
  A river rat (D)
  A rat (D)
4 creatures vanquished.

Notes
Turn   | Place    | Note
-------+----------+-------------------------------------------
     0 | D        | poirepourri the Spriggan Enchanter began the quest for the Orb.
     0 | D        | Reached XP level 1. HP: 9/9 MP: 5/5
     8 | D        | Reached skill level 7 in Stealth
     8 | D        | Reached XP level 2. HP: 13/13 MP: 6/6
   212 | D        | Learned a level 2 spell: Ensorcelled Hibernation
   214 | D        | Noticed an oklob sapling
   216 | D        | Killed an oklob sapling
   216 | D        | Reached skill level 8 in Stealth
   216 | D        | Reached XP level 3. HP: 16/16 MP: 7/9
   221 | D        | Reached skill level 9 in Stealth
   221 | D        | Reached skill level 5 in Hexes
   241 | D        | Noticed an oklob sapling
   243 | D        | Splashed by an oklob sapling's acid

Vault maps used:
D:        dungeon_sprint_fedhas

Skill      XL: |  1  2  3 |
---------------+----------+-----
Stealth        | 7 8 9 |  9.4
Dodging        | 4 |  4.4
Spellcasting   | 3 4 |  4.1
Hexes          | 4 5 |  5.8
Short Blades   | |  1.3

Action                   || total
-------------------------++-------
Melee: Dagger            ||    10
 Stab: Sleeping          ||     3
Dodge: Dodged            ||     5
